 Dungeon Crawl Stone Soup version 0.24-a0-581-gc0fa6600bf (webtiles) character file.

Game seed: 13984222792197531268

57 Eightlegvermin the Bolt Thrower (level 4, 2/25 HPs)
             Began as a Kobold Arcane Marksman on Aug 23, 2019.
             Quit the game on level 2 of the Dungeon.
             The game lasted 00:06:55 (1317 turns).

Eightlegvermin the Bolt Thrower (KoAM)              Turns: 1317, Time: 00:06:55

Health: 2/25       AC:  3    Str:  7    XL:     4   Next: 18%
Magic:  3/5        EV: 15    Int: 14    God:
Gold:   61         SH:  0    Dex: 16    Spells: 2/5 levels left

rFire    . . .     SeeInvis .   a - +0 hand crossbow
rCold    . . .     Gourm    .   (shield restricted)
rNeg     . . .     Faith    .   e - +0 robe
rPois    .         Spirit   .   (no helmet)
rElec    .         Reflect  .   m - +0 cloak
rCorr    .         Harm     .   (no gloves)
MR       .....                  (no boots)
Stlth    ++........             (no amulet)
HPRegen  0.08/turn              (no ring)
MPRegen  0.09/turn              (no ring)

@: lethally poisoned (2 -> -3)
A: small, carnivore
a: no special abilities


You were on level 2 of the Dungeon.
You were very full.

You visited 1 branch of the dungeon, and saw 2 of its levels.

You collected 61 gold pieces.

Inventory:

Hand Weapons
 a - a +0 hand crossbow (weapon)
Missiles
 b - 75 arrows
 d - 29 bolts (quivered)
Armour
 e - a +0 robe (worn)
 m - a +0 cloak (worn)
Jewellery
 h - an uncursed ring of protection from cold {unknown}
 n - a +2 ring of protection {unknown}
Scrolls
 g - a scroll of remove curse {unknown}
 l - a scroll of identify {unknown}
Potions
 c - a potion of degeneration {unknown}
 i - a potion of might {unknown}
 j - 2 potions of heal wounds {unknown}
 k - a potion of curing {unknown}
Comestibles
 f - 3 rations


   Skills:
 - Level 1.1 Fighting
 + Level 3.9 Crossbows
 - Level 2.5 Dodging
 * Level 3.1 Stealth
 - Level 1.1 Spellcasting
 - Level 3.1 Hexes


You had 2 spell levels left.
You knew the following spells:

 Your Spells              Type           Power        Failure   Level  Hunger
a - Corona                Hex            #......      8%          1    ##.....
b - Slow                  Hex            #.......     11%         2    ###....

Your spell library contained the following spells:

 Spells                   Type           Power        Failure   Level  Hunger
 Inner Flame              Hex/Fire       #.......     38%         3    ####...
 Portal Projectile        Hex/Tloc       #.....       38%         3    ####...
 Cause Fear               Hex            #.........   58%         4    #####..
 Leda's Liquefaction      Hex/Erth       #.........   80%         4    #####..


Dungeon Overview and Level Annotations

Branches:
Dungeon (1/15)

Altars:
Cheibriados


Innate Abilities, Weirdness & Mutations

You are small and have problems with some larger weapons.
You are carnivorous and can eat meat at any time.


Message History

You are no longer poisoned.
The adder is no longer moving slowly.
Casting: Slow (safe; 11% risk of failure)
Confirm with . or Enter, or press ? or * to list all spells.
Aiming: Slow (safe; 11% risk of failure)
Press: ? - help, Shift-Dir - straight line, f/p - adder
Aim: an adder (heavily wounded, chance to defeat MR: 52%)
The adder seems to slow down.
The adder bites you.
* * * LOW HITPOINT WARNING * * *
The goblin hits you.
* * * LOW HITPOINT WARNING * * *
The adder is no longer moving slowly.
The adder bites you.
* * * LOW HITPOINT WARNING * * *
You are lethally poisoned!
The adder poisons you!
There is an escape hatch in the ceiling here.
Quiver which item? (- for none, * to show all) (? for menu, Esc to quit)
Okay, then.
Are you sure you want to abandon this character and quit the game? (Confirm with "yes".)

...................##..........#.
...................##..........#.
..........####.................#.
##........# #.................#.
#.##.....# #........)........#.
#.######## #..........>......#.
#.# #..........###### ## #.#
#...g......# #.# #..@S......# #.#
#..........# #.#########
#..........######### #.........#
#...................
#########.####.####.###.#######.
#......# #.....# #. #.######
####### ## #.# ###


You could see an adder and a goblin.

Vanquished Creatures
  2 adders (D:2)
  An ooze (D:2)
  A dart slug (D:1)
  4 leopard geckos
  A giant cockroach (D:2)
  2 goblins (D:2)
  3 hobgoblins (D:2)
  3 jackals (D:1)
  3 bats
  2 frilled lizards (D:1)
  A jackal skeleton (D:2)
  4 kobolds
  2 rats (D:1)
29 creatures vanquished.

Notes
Turn   | Place    | Note
-------+----------+-------------------------------------------
     0 | D:1      | Eightlegvermin the Kobold Arcane Marksman began the quest
                  | for the Orb.
     0 | D:1      | Reached XP level 1. HP: 12/12 MP: 2/2
   148 | D:1      | Reached XP level 2. HP: 16/16 MP: 3/3
   407 | D:1      | You fall into a shaft and drop 1 floor!
   424 | D:2      | Reached skill level 1 in Stealth
   430 | D:2      | Reached XP level 3. HP: 18/20 MP: 0/4
   867 | D:2      | Reached XP level 4. HP: 7/25 MP: 2/5
  1114 | D:2      | Learned a level 2 spell: Slow
  1186 | D:2      | Found a snail-covered altar of Cheibriados.
  1317 | D:2      | Quit the game

Levels and vault maps discovered:
D:1:      wheals_arrival_linesprint, layout_loops_ring, minmay_small_reverse_x
D:2:      layout_basic, grunt_temple_overflow_open, lemuel_doored_altar,
          first_ration

Skill      XL: |  1  2  3 |
---------------+----------+-----
Crossbows      | 3 |  3.9
Stealth        | 1 3 |  3.1
Fighting       | |  1.1
Dodging        | |  2.5
Spellcasting   | |  1.1
Hexes          | |  3.1

Action                   |  1- 3 |  4- 6 || total
-------------------------+-------+-------++-------
 Fire: Hand crossbow     |    73 |    10 ||    83
 Cast: Corona            |     8 |     1 ||     9
       Slow              |       |     3 ||     3
  Eat: Chunk             |     8 |     1 ||     9
Armor: Robe              |    11 |       ||    11
Dodge: Dodged            |    53 |     9 ||    62

Table legend:
 A = Non-vault XP
 B = Vault XP
 C = Vault XP percentage of total XP
 D = Non-vault monster count
 E = Vault monster count
 F = Vault count percentage of total count
                 A         B        C        D         E       F
            +---------+---------+-------+---------+---------+-------
      Total |      82 |       0 |   0.0 |      29 |       0 |   0.0
            +---------+---------+-------+---------+---------+-------
        D:1 |      22 |       0 |   0.0 |      12 |       0 |   0.0
        D:2 |      60 |       0 |   0.0 |      17 |       0 |   0.0
            +---------+---------+-------+---------+---------+-------
